 Dungeon Crawl Stone Soup version 0.20.0-10-g0535bb4 (webtiles) character file.

258229 nikopol the Severer (level 19, -1/192 HPs)
             Began as a Gargoyle Berserker on June 2, 2017.
             Was the Champion of Trog.
             Slain by a saltling (15 damage)
             ... in the Desolation of Salt on June 3, 2017.
             The game lasted 02:20:50 (41439 turns).

nikopol the Severer (Gargoyle Berserker)           Turns: 41439, Time: 02:20:51

Health: -1/192     AC: 38    Str: 39    XL:     19   Next: 86%
Magic:  20/20      EV: 15    Int: 10    God:    Trog [******]
Gold:   2889       SH:  2    Dex: 14    Spells: 18/18 levels left

rFire    + + .     SeeInvis .   a - +7 executioner's axe "Iffaof" {chop, rN++ Str+4}
rCold    . . .     Gourm    .   (shield currently unavailable)
rNeg     + + +     Faith    .   K - +2 fire dragon scales
rPois    ∞         Spirit   .   O - +1 helmet
rElec    +         Reflect  +   g - +1 cloak
rCorr    +         Harm     .   j - +2 pair of gloves {archery}
MR       +....                  H - +0 pair of boots of the Special Blessings {rPois MR- rCorr Str+8}
Stlth    ..........             I - +2 amulet of reflection
Regen    0.5/turn               k - ring of protection from magic
MPRegen  0.2/turn               r - ring of protection from cold

@: berserking, flying, slowed
A: big wings, negative energy resistance 1, electricity resistance, unbreathing,
petrification resistance, rot immunity, AC +13
}: 2/15 runes: decaying, gossamer
a: Stop Flying, Berserk, Trog's Hand, Brothers in Arms, Burn Spellbooks,
Renounce Religion


You were in the Desolation of Salt.
You worshipped Trog.
Trog was exalted by your worship.
You were near starving.

You visited 6 branches of the dungeon, and saw 32 of its levels.
You also visited: Ossuary, Bailey and Desolation.

You collected 2889 gold pieces.

Inventory:

Hand Weapons
 a - the +7 executioner's axe "Iffaof" (weapon) {chop, rN++ Str+4}
   (Trog gifted it to you in the Desolation of Salt)

   It inflicts extra damage upon your enemies.
   It affects your strength (+4).
   It greatly protects you from negative energy.
 z - a +6 longbow of velocity
 F - a +4 battleaxe of electrocution
 R - a +1 executioner's axe of electrocution
Missiles
 G - 498 arrows (quivered)
Armour
 g - a +1 cloak (worn)
 j - a +2 pair of gloves of archery (worn)
 H - the +0 pair of boots of the Special Blessings (worn) {rPois MR- rCorr Str+8}
   (You found it in a bailey)

   It affects your strength (+8).
   It protects you from poison.
   It affects your resistance to hostile enchantments.
   It protects you from acid and corrosion.
 K - +2 fire dragon scales (worn)
 O - a +1 helmet (worn)
 S - a +1 helmet
Jewellery
 k - a ring of protection from magic (left hand)
 r - a ring of protection from cold (right hand)
 I - a +2 amulet of reflection (around neck)
 M - an uncursed ring of protection from fire
Wands
 b - a wand of enslavement (9/24)
 i - a wand of disintegration (12/24)
 q - a wand of confusion (27/48)
 s - a wand of disintegration (10/24)
 v - a wand of digging (18/24)
 y - a wand of flame (18/48)
 J - a wand of iceblast (8/15)
 Z - a wand of paralysis (24/24)
Scrolls
 e - 6 scrolls of enchant armour
 f - 4 scrolls of blinking
 n - 7 scrolls of fear
 t - 6 scrolls of recharging
 w - 2 scrolls of silence
 x - 11 scrolls of teleportation
 C - 3 scrolls of identify
 D - 12 scrolls of remove curse
 N - 5 scrolls of magic mapping
 T - a scroll of brand weapon
 U - 5 scrolls of fog
 X - a scroll of holy word
Potions
 d - 13 potions of heal wounds
 h - 20 potions of curing
 l - 4 potions of ambrosia
 o - 4 potions of haste
 u - 2 potions of cancellation
 A - 4 potions of agility
 B - 3 potions of magic
 E - 5 potions of invisibility
 P - 4 potions of resistance
 W - a potion of might
Comestibles
 c - 17 bread rations
 p - 8 royal jellies
 L - 49 fruits
 Q - 20 meat rations


   Skills:
 + Level 17.4 Fighting
 + Level 18.3(18.4) Axes
   Level 2.8(13.6) Maces & Flails
 + Level 17.8 Bows
 + Level 12.3 Armour
 + Level 7.6 Dodging
 + Level 3.9 Stealth
 + Level 1.3 Evocations


You had 18 spell levels left.
You didn't know any spells.

Dungeon Overview and Level Annotations

Branches:
Dungeon (15/15)            Temple (0/1) D:6            Lair (6/6) D:10
  Swamp (4/4) Lair:4       Spider (4/4) Lair:3        Slime (0/5) Lair:6
    Orc (2/2) D:9             Elf (0/3) Orc:2        Vaults (1/5) D:14
 Depths (0/5) D:15

Altars:
Cheibriados
Dithmenos
Gozag
Hepliaklqana
Makhleb
Nemelex Xobeh
Qazlal
Sif Muna
Trog
Uskayaw
Vehumet
Yredelemnul
The Shining One

Shops:
D:15 [   Orc:2 :!=}


Innate Abilities, Weirdness & Mutations

You are resistant to torment.
Your stone body is resilient. (AC +13)
You are immune to poison.
Your large and strong wings let you fly indefinitely.
You resist negative energy. (rN+)
You are resistant to electric shocks. (rElec)
You can survive without breathing.
You are immune to petrification.
You are immune to rotting.


Message History

You hit the peacekeeper.
You hit the crystal guardian but do no damage.
You slash the saltling!
The peacekeeper bites you but does no damage.
The peacekeeper claws you. The saltling hits you!
* * * LOW HITPOINT WARNING * * *
The crystal guardian hits you!!
* * * LOW HITPOINT WARNING * * *
The servant of whispers closely misses you.
Your iron troll bites the saltling!
The saltling is destroyed!
Trog accepts your kill.
You slash the crystal guardian!
You destroy the crystal guardian!
Trog accepts your kill.
You hit the saltling. You slice the peacekeeper!!
You destroy the peacekeeper!
Trog accepts your kill. The saltling hits you!
You die...

.........................
.....∩...................
#........................
.........................
#.............##.........
...............#........#
................8........
.................).......
.........#......@8.......
................T†.......
..................p......
....... ................
........8..8....
................
............#.#.
...............#
..........#....


You could see a servant of whispers, 4 saltlings and a friendly iron troll
(berserk).

Vanquished Creatures
  the Lernaean hydra (Swamp:4)
  A tentacled monstrosity (Swamp:2)
  Rupert (D:12)
  2 thorn hunters (Swamp:3)
  Agnes (Lair:3)
  Roxanne (D:15)
  3 emperor scorpions (Spider:4)
  Aizul (Spider:4)
  An orc warlord (D:9)
  4 ghost moths
  3 spark wasps
  Snorg (Orc:2)
  An ettin (D:15)
  2 crystal guardians (Desolation)
  Josephine (D:13)
  The ghost of zhorgal the Grappler, a journeyman TrMo of Okawaru (Lair:2)
  6 servants of whispers
  Erolcha (Orc:2)
  3 ragged hierophants (Desolation)
  2 rakshasas
  A peacekeeper (Desolation)
  32 hydras
  A ghost crab (Swamp:3)
  A catoblepas (Lair:2)
  6 ogre magi
  2 centaur warriors (D:13)
  24 two-headed ogres
  5 death yaks (Lair:6)
  10 alligators
  2 orc high priests (Orc:2)
  5 spriggans
  4 skeletal warriors (D:15)
  3 unseen horrors
  5 spriggan druids
  11 swamp dragons
  A wizard (D:11)
  4 shambling mangroves
  10 orc knights
  3 necromancers (D:14)
  18 orb spiders
  22 wolf spiders
  9 ugly things
  A deep elf mage (D:15)
  6 cyclopes
  A manticore (shapeshifter) (D:15)
  An orc sorcerer (D:15)
  A moth of wrath (Spider:4)
  2 manticores
  Joseph (D:8)
  13 black mambas
  4 guardian serpents
  27 spiny frogs
  4 gargoyles
  4 centaur skeletons
  2 rime drakes
  A yaktaur (D:15)
  3 torpor snails
  7 demonic crawlers
  A freezing wraith (D:14)
  7 komodo dragons
  A tengu conjurer (D:15)
  9 tyrant leeches
  11 polar bears
  12 trolls
  32 jumping spiders
  29 hornets
  38 slime creatures
  8 blink frogs (Lair:5)
  16 bog bodies
  7 dream sheep (Lair:6)
  7 hippogriffs
  A meliai zombie (D:14)
  A raiju (Lair:6)
  20 saltlings
  A centaur simulacrum (D:15)
  Sigmund (D:2)
  100 redbacks
  A vampire (D:15)
  3 shadows
  38 tarantellas
  6 wraiths
  69 yaks
  14 wyverns
  A human (D:7)
  2 hogs (D:7)
  5 basilisks
  4 hungry ghosts
  Menkaure (D:6)
  34 vampire mosquitoes
  7 wargs
  12 insubstantial wisps
  A soldier ant (D:12)
  An acid dragon (D:15)
  19 swamp worms
  19 water moccasins
  18 hell hounds
  7 porcupines
  30 orc warriors
  2 sky beasts (D:7)
  19 swamp drakes
  4 ice beasts
  13 black bears
  2 phantoms
  An eye of draining (D:11)
  3 boggarts (D:14)
  36 ogres
  26 wolves
  13 centaurs
  13 crocodiles
  3 big kobolds
  20 bullfrogs
  2 wyvern zombies
  2 scorpions
  3 water moccasin zombies (Ossuary)
  A troll zombie (D:9)
  A water moccasin skeleton (D:10)
  12 killer bees
  7 wights
  An electric eel (Spider:2)
  2 crimson imps (D:8)
  5 bullfrog zombies
  3 centaur zombies
  A quasit (D:10)
  7 hounds
  21 orc priests
  A jelly (D:11)
  26 orc wizards
  6 iguanas
  3 bullfrog skeletons
  Ijyb (D:2)
  Terence (D:2)
  Natasha (D:2)
  6 worker ants
  5 ogre zombies (D:9)
  A hound skeleton (D:4)
  2 mummies (Ossuary)
  Robin (D:2)
  A worker ant zombie (D:7)
  7 adders
  6 gnolls
  A river rat (D:13)
  2 shadow imps (D:10)
  2 oozes
  6 adder zombies
  3 adder skeletons
  4 worms
  A dart slug (D:3)
  3 leopard geckos
  85 orcs
  2 giant cockroaches (D:3)
  33 goblins
  9 hobgoblins
  13 jackals
  7 quokkas
  3 ball pythons
  9 bats
  7 frilled lizards
  A giant cockroach zombie (D:4)
  3 gnoll zombies (Ossuary)
  2 goblin skeletons (D:9)
  4 goblin zombies (D:9)
  7 hobgoblin zombies
  26 kobolds
  3 kobold zombies (Ossuary)
  A leopard gecko skeleton (D:6)
  An orc skeleton (D:9)
  15 orc zombies
  2 quokka skeletons
  10 rats
  12 fungi
  29 plants
1485 creatures vanquished.

Vanquished Creatures (collateral kills)
  A two-headed ogre (Orc:2)
  A hornet (Spider:4)
  3 saltlings (Desolation)
  A porcupine (Lair:3)
  2 ogres (Orc:2)
  A crocodile (Lair:3)
9 creatures vanquished.

Vanquished Creatures (others)
  Nikola (Spider:2)
  3 two-headed ogres (Orc:2)
  2 spriggan druids (Swamp:3)
  A yaktaur (D:15)
  A jumping spider (Spider:1)
  2 spriggans (Swamp:3)
  A swamp drake (Swamp:4)
  An orc (Orc:2)
  A kobold (D:13)
  3 bushes
  22 fungi
  42 plants
80 creatures vanquished.

Grand Total: 1574 creatures vanquished

Notes
Turn   | Place    | Note
-------+----------+-------------------------------------------
     0 | D:1      | nikopol the Gargoyle Berserker began the quest for the Orb.
     0 | D:1      | Reached XP level 1. HP: 14/14 MP: 1/1
   293 | D:1      | Reached XP level 2. HP: 13/19 MP: 2/2
   450 | D:1      | Reached skill level 3 in Axes
   716 | D:1      | Reached XP level 3. HP: 23/23 MP: 3/3
  1047 | D:2      | Noticed Robin
  1056 | D:2      | Reached ** piety under Trog
  1063 | D:2      | Killed Robin
  1065 | D:2      | Reached XP level 4. HP: 18/29 MP: 4/4
  1355 | D:2      | Noticed Sigmund
  1377 | D:2      | Killed Sigmund
  1377 | D:2      | Reached skill level 4 in Axes
  1377 | D:2      | Reached skill level 1 in Stealth
  1377 | D:2      | Reached XP level 5. HP: 24/33 MP: 5/5
  1377 | D:2      | Reached XP level 6. HP: 28/38 MP: 6/6
  1537 | D:2      | Noticed Ijyb
  1559 | D:2      | Killed Ijyb
  1559 | D:2      | Reached skill level 5 in Axes
  1599 | D:2      | Noticed Terence
  1610 | D:2      | Killed Terence
  1799 | D:2      | Found a burning altar of Makhleb.
  1948 | D:2      | Noticed Natasha
  1958 | D:2      | Killed Natasha
  1997 | D:3      | Reached XP level 7. HP: 44/44 MP: 7/7
  2012 | D:3      | Reached *** piety under Trog
  2015 | D:3      | Reached skill level 5 in Fighting
  2275 | D:3      | Found a deep blue altar of Sif Muna.
  2430 | D:3      | Found a sparkling altar of Nemelex Xobeh.
  2966 | D:4      | Noticed a two-headed ogre
  2975 | D:4      | Killed a two-headed ogre
  2975 | D:4      | Reached skill level 7 in Axes
  2975 | D:4      | Reached XP level 8. HP: 13/51 MP: 8/8
  3421 | D:4      | Found a hide-covered altar of Uskayaw.
  3421 | D:4      | Found a basalt altar of Yredelemnul.
  3426 | D:4      | Found a faded altar of an unknown god.
  3428 | D:4      | Found a shadowy altar of Dithmenos.
  3429 | D:4      | Found a faded altar of an unknown god.
  3668 | D:5      | Entered Level 5 of the Dungeon
  3712 | D:5      | Found a burning altar of Makhleb.
  3727 | D:5      | Reached **** piety under Trog
  3798 | D:5      | Found a glowing golden altar of the Shining One.
  3866 | D:5      | Found a stormy altar of Qazlal.
  3956 | D:5      | Found a snail-covered altar of Cheibriados.
  4206 | D:5      | Found an opulent altar of Gozag.
  4353 | D:5      | Noticed a moth of wrath
  4356 | D:5      | Found a bloodstained altar of Trog.
  4612 | D:5      | Reached skill level 8 in Axes
  4612 | D:5      | Reached skill level 1 in Bows
  4783 | D:6      | Reached XP level 9. HP: 55/55 MP: 9/9
  4938 | D:6      | Found a sand-covered staircase.
  4942 | Ossuary  | Entered an ossuary
  4994 | Ossuary  | Reached skill level 5 in Armour
  5108 | Ossuary  | Reached ***** piety under Trog
  5469 | D:6      | Found a staircase to the Ecumenical Temple.
  5503 | D:6      | Noticed Menkaure
  5522 | D:6      | Killed Menkaure
  5979 | D:7      | Reached skill level 9 in Axes
  6254 | D:7      | Reached XP level 10. HP: 60/63 MP: 10/10
  6904 | D:7      | Found a radiant altar of Vehumet.
  6914 | D:8      | Noticed Joseph
  7088 | D:8      | Killed Joseph
  7198 | D:8      | Found a flagged portal.
  7223 | Bailey   | Entered a bailey
  7304 | Bailey   | Reached skill level 5 in Bows
  7598 | Bailey   | Got a pair of heavily runed boots
  7609 | Bailey   | Identified the +0 pair of boots of the Special Blessings {rPois MR- rCorr Str+8} (You found it in a bailey)
  7619 | Bailey   | Noticed an orc knight
  7639 | Bailey   | Killed an orc knight
  8380 | D:8      | Received a gift from Trog
  8770 | D:8      | Received a gift from Trog
  8776 | D:8      | Found a sparkling altar of Nemelex Xobeh.
  9030 | D:8      | Noticed a two-headed ogre
  9039 | D:8      | Killed a two-headed ogre
  9039 | D:8      | Reached XP level 11. HP: 67/69 MP: 11/11
  9126 | D:9      | Paralysed by fainting for 5 turns
  9134 | D:9      | Paralysed by fainting for 10 turns
  9197 | D:9      | Reached skill level 10 in Axes
  9266 | D:9      | Found a staircase to the Orcish Mines.
  9441 | D:9      | Noticed a two-headed ogre
  9451 | D:9      | Killed a two-headed ogre
  9476 | D:9      | Received a gift from Trog
  9529 | D:9      | Reached ****** piety under Trog
 10146 | D:9      | Found a hazy altar of Hepliaklqana.
 10425 | D:10     | Entered Level 10 of the Dungeon
 10514 | D:10     | Found a staircase to the Lair.
 10534 | D:10     | Found a shadowy altar of Dithmenos.
 10798 | D:10     | Got a translucent hand axe
 10799 | D:10     | Identified the +7 hand axe of Horeluor {protect, *Rage rElec rF+ rN+} (You found it on level 10 of the Dungeon)
 10964 | D:10     | Noticed a two-headed ogre
 10976 | D:10     | Killed a two-headed ogre
 11369 | Lair:1   | Entered Level 1 of the Lair of Beasts
 11508 | Lair:1   | Noticed an eight-headed hydra
 11519 | Lair:1   | Killed an eight-headed hydra
 11519 | Lair:1   | Reached XP level 12. HP: 69/76 MP: 12/12
 11678 | Lair:1   | Reached skill level 1 in Evocations
 11708 | Lair:1   | Reached skill level 1 in Maces & Flails
 11889 | Lair:1   | Noticed a four-headed hydra
 11912 | Lair:1   | Killed a 14-headed hydra
 12458 | Lair:1   | Reached skill level 10 in Fighting
 12471 | Lair:1   | Reached skill level 11 in Axes
 13014 | Lair:2   | Noticed a five-headed hydra
 13020 | Lair:2   | Killed a five-headed hydra
 13020 | Lair:2   | Reached skill level 10 in Bows
 13026 | Lair:2   | Noticed an eight-headed hydra
 13034 | Lair:2   | Killed an eight-headed hydra
 13156 | Lair:2   | Received a gift from Trog
 13574 | Lair:2   | Noticed zhorgal's ghost (journeyman TrMo)
 13591 | Lair:2   | Killed zhorgal's ghost
 14016 | Lair:2   | Noticed a catoblepas
 14023 | Lair:2   | Killed a catoblepas
 14023 | Lair:2   | Reached XP level 13. HP: 49/83 MP: 13/13
 14023 | Lair:2   | Reached skill level 12 in Axes
 14492 | Lair:3   | Found a hole to the Spider Nest.
 15126 | Lair:4   | Found a staircase to the Swamp.
 15359 | Lair:4   | Reached skill level 5 in Dodging
 15523 | Lair:4   | Upgraded the game from 0.20.0-8-g6b59dc7 to 0.20.0-10-g0535bb4
 16814 | Lair:5   | Received a gift from Trog
 16869 | Lair:6   | Entered Level 6 of the Lair of Beasts
 17152 | Lair:6   | Received a gift from Trog
 17159 | Lair:6   | Reached skill level 13 in Axes
 17539 | Lair:6   | Gained mutation: Your large and strong wings let you fly indefinitely. [Gargoyle growth]
 17539 | Lair:6   | Reached XP level 14. HP: 91/91 MP: 14/14
 17541 | Lair:6   | Received a gift from Trog
 18224 | Lair:6   | Received a gift from Trog
 18335 | Lair:6   | Received a gift from Trog
 19362 | Lair:6   | Reached skill level 14 in Axes
 19420 | Lair:6   | Received a gift from Trog
 19962 | Lair:6   | Found a staircase to the Slime Pits.
 20240 | Orc:1    | Entered Level 1 of the Orcish Mines
 20240 | Orc:1    | Noticed an orc warlord
 20251 | D:9      | Killed an orc warlord
 20475 | D:9      | Reached XP level 15. HP: 88/97 MP: 15/15
 20515 | D:9      | Received a gift from Trog
 20663 | D:9      | Identified a scroll of acquirement
 21245 | Orc:1    | Found a radiant altar of Vehumet.
 21436 | Orc:2    | Entered Level 2 of the Orcish Mines
 21454 | Orc:2    | Noticed Snorg
 21470 | Orc:2    | Killed Snorg
 21758 | Orc:2    | Reached skill level 10 in Armour
 22071 | Orc:2    | Received a gift from Trog
 22106 | Orc:2    | Reached skill level 15 in Axes
 22113 | Orc:2    | Found a staircase to the Elven Halls.
 22284 | Orc:2    | Found Qytoc's Book Emporium.
 22284 | Orc:2    | Found Nudgh's Distillery.
 22285 | Orc:2    | Found Gawkidec's Jewellery Shop.
 22285 | Orc:2    | Found Mycved's Gadget Shoppe.
 22760 | Orc:2    | Noticed Erolcha
 22762 | Orc:2    | Killed Erolcha
 24228 | D:12     | Noticed Rupert
 24241 | D:12     | Killed Rupert
 24241 | D:12     | Reached XP level 16. HP: 105/105 MP: 17/17
 24289 | D:12     | Received a gift from Trog
 25123 | D:13     | Noticed Josephine
 25126 | D:13     | Killed Josephine
 25456 | D:13     | Received a gift from Trog
 25907 | D:14     | Found a gate to the Vaults.
 26844 | D:15     | Entered Level 15 of the Dungeon
 26844 | D:15     | Noticed Roxanne
 26859 | D:15     | Killed Roxanne
 27178 | D:15     | Received a gift from Trog
 27215 | D:15     | Found a staircase to the Depths.
 27699 | D:15     | Reached skill level 16 in Axes
 28240 | D:15     | Found Nuopuidd's Armour Shop.
 28258 | D:15     | Found a glowing golden altar of the Shining One.
 28795 | Swamp:1  | Entered Level 1 of the Swamp
 29022 | Swamp:1  | Reached XP level 17. HP: 112/112 MP: 18/18
 29059 | Swamp:1  | Received a gift from Trog
 29262 | Swamp:1  | Reached skill level 15 in Bows
 29268 | Swamp:1  | Received a gift from Trog
 29444 | Swamp:1  | Reached skill level 15 in Fighting
 29818 | Swamp:2  | Received a gift from Trog
 30104 | Swamp:2  | Found a runed door.
 30104 | Swamp:2  | Noticed a tentacled monstrosity
 30137 | Swamp:2  | Killed a tentacled monstrosity
 31696 | Swamp:3  | Reached skill level 17 in Axes
 31803 | Swamp:3  | Received a gift from Trog
 32503 | Swamp:4  | Entered Level 4 of the Swamp
 32602 | Swamp:4  | Reached XP level 18. HP: 120/120 MP: 19/19
 33250 | Swamp:4  | Got a pair of twisted boots
 33261 | Swamp:4  | Identified the +1 pair of boots "Rahegr Tuhi" {Int+7} (You found it on level 4 of the Swamp)
 33325 | Swamp:4  | Noticed the 27-headed Lernaean hydra
 33375 | Swamp:4  | Killed the 27-headed Lernaean hydra
 33573 | Swamp:4  | Got a decaying rune of Zot
 33732 | Swamp:4  | Received a gift from Trog
 34191 | Spider:1 | Entered Level 1 of the Spider Nest
 34191 | Spider:1 | Noticed Agnes
 34205 | Lair:3   | Killed Agnes
 35676 | Spider:1 | Received a gift from Trog
 35848 | Spider:2 | Noticed Nikola
 35866 | Spider:2 | Killed Nikola
 37254 | Spider:3 | Received a gift from Trog
 37261 | Spider:3 | Reached XP level 19. HP: 127/127 MP: 20/20
 37577 | Spider:4 | Entered Level 4 of the Spider Nest
 37673 | Spider:3 | Received a gift from Trog
 37924 | Spider:4 | Noticed Aizul
 37934 | Spider:4 | Killed Aizul
 38726 | Spider:4 | Reached skill level 18 in Axes
 38729 | Spider:4 | Received a gift from Trog
 39937 | Spider:4 | Got a gossamer rune of Zot
 40543 | Vaults:1 | Entered Level 1 of the Vaults
 40683 | Vaults:1 | Found a ruined gateway.
 40687 | Desolati | Entered the Desolation of Salt
 41088 | Desolati | Received a gift from Trog
 41095 | Desolati | Got a fine executioner's axe {god gift}
 41096 | Desolati | Identified the +7 executioner's axe "Iffaof" {chop, rN++ Str+4} (Trog gifted it to you in the Desolation of Salt)
 41439 | Desolati | Slain by a saltling

Skill      XL: |  1  2  3  4  5  6  7  8  9 10 11 12 13 14 15 16 17 18 19 |
---------------+----------------------------------------------------------+-----
Axes           | 3 4 5 7 8 9 10 11 13 14 15 16 17 18 | 18.3
Dodging        | 2 3 4 5 6 7 |  7.6
Fighting       | 4 5 6 7 8 9 10 11 12 13 14 15 16 17 | 17.4
Stealth        | 1 2 3 |  3.9
Armour         | 3 4 5 6 7 8 9 10 11 12 | 12.3
Bows           | 1 4 8 9 10 11 12 13 14 15 17 | 17.8
Evocations     | 1 |  1.3
Maces & Flails | 2 |  2.8

Action                   |  1- 3 |  4- 6 |  7- 9 | 10-12 | 13-15 | 16-18 | 19-21 || total
-------------------------+-------+-------+-------+-------+-------+-------+-------++-------
Melee: Hand axe          |    89 |     4 |   283 |   448 |       |       |       ||   824
       War axe           |       |    89 |   103 |    32 |       |       |       ||   224
       Great mace        |       |       |       |    14 |     7 |       |       ||    21
       Battleaxe         |       |       |       |    56 |   723 |   680 |   203 ||  1662
       Executioner's axe |       |       |       |       |       |       |    26 ||    26
 Fire: Shortbow          |       |       |    62 |   413 |   251 |       |       ||   726
       Longbow           |       |       |       |       |   277 |   871 |   304 ||  1452
Invok: Berserk           |     2 |     2 |     2 |     7 |     8 |     3 |     1 ||    25
       Burn Spellbooks   |       |       |     1 |     4 |     1 |     5 |       ||    11
       Brothers in Arms  |       |       |       |       |       |       |     2 ||     2
 Abil: Evoke Flight      |       |       |       |     3 |       |       |       ||     3
Evoke: Wand              |       |       |       |       |     4 |       |       ||     4
  Use: Scroll            |       |       |     6 |    12 |    13 |     9 |    11 ||    51
       Potion            |       |       |       |       |       |     1 |       ||     1
 Stab: Distracted        |       |       |       |       |       |       |     1 ||     1
  Eat: Chunk             |     1 |     5 |    12 |    32 |    39 |    39 |    10 ||   138
       Meat ration       |       |       |     1 |       |       |       |       ||     1
       Fruit             |       |       |       |     2 |       |       |     1 ||     3
       Bread ration      |       |       |       |     1 |       |       |       ||     1
       Royal jelly       |       |       |       |       |       |     3 |     1 ||     4
Armor: Animal skin       |    54 |    15 |       |       |       |       |       ||    69
       Scale mail        |       |    27 |   176 |   374 |     3 |       |       ||   580
       Fire dragon scale |       |       |       |       |   572 |   732 |   372 ||  1676
Dodge: Dodged            |    77 |    72 |   185 |   351 |   521 |   582 |   280 ||  2068
Block: Other             |       |       |       |    23 |    58 |    57 |    30 ||   168
       Reflection        |       |       |       |       |       |     8 |     2 ||    10
